 Dungeon Crawl Stone Soup version 0.22-a0-265-g0d8bc90 (webtiles) character file.

44 Dobeq the Conjurer (level 3, -2/16 HPs)
             Began as a Vine Stalker Conjurer on Mar 6, 2018.
             Slain by a gnoll
             ... wielding a +0 mace
              (11 damage)
             ... on level 2 of the Dungeon.
             The game lasted 00:06:58 (1170 turns).

Dobeq the Conjurer (Vine Stalker Conjurer)          Turns: 1170, Time: 00:06:59

Health: -2/16      AC:  2    Str: 10    XL:     3   Next: 60%
Magic:  0/8        EV:  6    Int: 16    God:
Gold:   29         SH:  0    Dex: 14    Spells: 4/7 levels left

rFire    . . .     SeeInvis .   l - +2 dagger (flame)
rCold    . . .     Gourm    .   (no shield)
rNeg     . . .     Faith    .   a - +0 robe
rPois    .         Spirit   +   (no helmet)
rElec    .         Reflect  .   (no cloak)
rCorr    .         Harm     .   (no gloves)
MR       .....                  (no boots)
Stlth    ++........             (no amulet)
HPRegen  0.05/turn              (no ring)
MPRegen  0.11/turn              (no ring)

@: very slightly contaminated, held
A: fangs 2, magic shield, antimagic bite, no potion heal 3, rot immunity
a: no special abilities


You were on level 2 of the Dungeon.
You were not hungry.

You visited 1 branch of the dungeon, and saw 2 of its levels.

You collected 29 gold pieces.

Inventory:

Hand Weapons
 l - a +2 dagger of flaming (weapon)
Armour
 a - a +0 robe (worn)
Scrolls
 e - a scroll of remove curse {unknown}
 g - a scroll of identify {unknown}
 j - a scroll of amnesia {unknown}
 k - 2 scrolls of fog {unknown}
Potions
 b - a potion of curing {unknown}
 d - a potion of magic {unknown}
 h - a potion of brilliance {unknown}
 i - a potion of ambrosia {unknown}
 m - a potion of lignification {unknown}
Comestibles
 c - 5 rations


   Skills:
 + Level 0.5 Armour
 - Level 1.6 Dodging
 * Level 3.1 Stealth
 * Level 2.8 Spellcasting
 * Level 4.5 Conjurations


You had 4 spell levels left.
You knew the following spells:

 Your Spells              Type           Power        Failure   Level  Hunger
a - Magic Dart            Conj           ###.         3%          1    #......
b - Searing Ray           Conj           ###...       4%          2    ##.....


Dungeon Overview and Level Annotations

Branches:
Dungeon (2/15)

Altars:


Innate Abilities, Weirdness & Mutations

You have extremely sharp teeth.
When hurt, damage is shared between your health and your magic reserves.
Your bite disrupts and absorbs the magic of your enemies.
Potions cannot restore your health.
You are immune to rotting.


Message History

You kill the gnoll!
Casting: Magic Dart (safe; 3% risk of failure)
Confirm with . or Enter, or press ? or * to list all spells.
Okay, then.
A gnoll comes into view. It is wielding a mace.
Casting: Magic Dart (safe; 3% risk of failure)
Confirm with . or Enter, or press ? or * to list all spells.
Aiming: Searing Ray (safe; 4% risk of failure)
Press: ? - help, Shift-Dir - straight line, f - gnoll
Aim: a gnoll, wielding a mace The searing ray hits the gnoll.
The gnoll is moderately wounded. (Press . to maintain the ray.)
The gnoll throws a throwing net.
The throwing net hits you.
You become entangled in the net!
Without enough magic to sustain it, your searing ray dissipates.
You struggle against the net.
You struggle against the net.
The gnoll hits you with a mace!
Ouch! That really hurt!
You die...

## #...### .. .
#...... .. #. #..(...
.# .#####.##...... ..
............... ##.
..# ##........ ..##
###.# #.........
..####.(.# ##.####....
### #.##.g@#.####..#
##.###
#...##.#..##........#
#..##.
#.....###........#
#.###. .....#)###
#........# #..... ##.
#.# #........###..###
#.## #........##...# #
##..#########......###
##.............#....#
#..#.#######.....####


You could see a gnoll.

Vanquished Creatures
  A gnoll (D:2)
  An adder (D:2)
  A dart slug (D:1)
  A leopard gecko (D:1)
  2 ball pythons (D:1)
  3 giant cockroaches
  3 goblins (D:1)
  A hobgoblin (D:1)
  A quokka (D:2)
  3 bats (D:1)
  A frilled lizard (D:2)
  4 kobolds (D:1)
  A rat (D:1)
23 creatures vanquished.

Notes
Turn   | Place    | Note
-------+----------+-------------------------------------------
     0 | D:1      | Dobeq the Vine Stalker Conjurer began the quest for the Orb.
     0 | D:1      | Reached XP level 1. HP: 9/9 MP: 4/4
   164 | D:1      | Reached XP level 2. HP: 8/13 MP: 0/6
   198 | D:1      | Learned a level 2 spell: Searing Ray
   881 | D:2      | Reached XP level 3. HP: 5/16 MP: 2/8
  1170 | D:2      | Slain by a gnoll

Vault maps used:
D:1:      co_arrival_square_in_a_square_in_a_square

Skill      XL: |  1  2  3 |
---------------+----------+-----
Stealth        | 3 |  3.1
Armour         | |  0.5
Dodging        | |  1.6
Spellcasting   | |  2.8
Conjurations   | |  4.5

Action                   || total
-------------------------++-------
Melee: Unarmed           ||    22
       Bite              ||     5
       Dagger            ||     2
 Cast: Magic Dart        ||    36
       Searing Ray       ||     4
  Eat: Chunk             ||     1
Armor: Robe              ||     1
Dodge: Dodged            ||    23

Table legend:
 A = Spawn XP
 B = Non-spawn XP
 C = Spawn XP percentage of total XP
 D = Spawn monster count
 E = Non-spawn monster count
 F = Spawn count percentage of total count
 G = Total turns spent on level
                    A         B        C        D         E        F      G
               +---------+---------+-------+---------+---------+-------+---------
         Total |       0 |      63 |   0.0 |       0 |      23 |   0.0 |  1170
               +---------+---------+-------+---------+---------+-------+---------
           D:1 |       0 |      29 |   0.0 |       0 |      17 |   0.0 |   859
           D:2 |       0 |      34 |   0.0 |       0 |       6 |   0.0 |   311
               +---------+---------+-------+---------+---------+-------+---------
